 Dungeon Crawl Stone Soup version 0.20.1-1-g8b1a95d (webtiles) character file.

177 ReignOfFire the Slasher (level 5, 0/39 HPs)
             Began as a Demonspawn Gladiator on July 19, 2017.
             Slain by a shadow imp (4 damage)
             ... summoned by Natasha
             ... on level 3 of the Dungeon.
             The game lasted 00:03:08 (2896 turns).

ReignOfFire the Slasher (Demonspawn Gladiator)      Turns: 2896, Time: 00:03:09

Health: 0/39       AC:  4    Str: 15    XL:     5   Next: 30%
Magic:  5/5        EV: 13    Int: 10    God:
Gold:   91         SH:  0    Dex: 14    Spells: 4/4 levels left

rFire    . . .     SeeInvis .   a - +0 long sword
rCold    . . .     Gourm    .   (no shield)
rNeg     . . .     Faith    .   b - +0 leather armour
rPois    .         Spirit   .   c - +0 helmet
rElec    .         Reflect  .   (no cloak)
rCorr    .         Harm     .   (no gloves)
MR       .....                  (no boots)
Stlth    +.........             (no amulet)
Regen    0.2/turn               (no ring)
MPRegen  0.1/turn               (no ring)

@: no status effects
A: claws 2
a: no special abilities


You were on level 3 of the Dungeon.
You were not hungry.

You visited 1 branch of the dungeon, and saw 3 of its levels.

You collected 91 gold pieces.

Inventory:

Hand Weapons
 a - a +0 long sword (weapon)
Missiles
 d - 2 throwing nets (quivered)
Armour
 b - a +0 leather armour (worn)
 c - a +0 helmet (worn)
Jewellery
 j - an uncursed ring of ice {unknown}
Scrolls
 e - a scroll of enchant armour {unknown}
 h - 2 scrolls of teleportation {unknown}
 l - 2 scrolls of identify {unknown}
 o - a scroll of enchant weapon {unknown}
Potions
 i - a potion of mutation {unknown}
 k - a potion of haste {unknown}
 m - a potion of degeneration {unknown}
 n - a potion of curing {unknown}
Comestibles
 f - 2 bread rations
 g - a royal jelly
 p - 2 chunks of flesh
 q - a meat ration


   Skills:
 + Level 2.4 Fighting
 * Level 4.6 Long Blades
 - Level 2.0 Throwing
 + Level 1.0 Armour
 + Level 3.2 Dodging
 + Level 0.6 Stealth


You had 4 spell levels left.
You didn't know any spells.

Dungeon Overview and Level Annotations

Branches:
Dungeon (3/15)

Altars:
Kikubaaqudgha

Annotations:
D:3 Natasha


Innate Abilities, Weirdness & Mutations

You have very sharp fingernails.


Message History

You feel disoriented. Natasha claws you!
You hit Natasha.
Natasha is moderately wounded.
Natasha barely misses you.
You riposte.
You hit Natasha.
Natasha is heavily wounded.
Natasha claws you.
You barely miss Natasha.
Natasha is heavily wounded.
The shadow imp barely misses you.
You riposte.
You slash the shadow imp!
The shadow imp is almost dead.
Natasha claws you.
Unknown command.
You closely miss Natasha.
Natasha is heavily wounded.
The shadow imp gestures at you. Pain shoots through your body!
* * * LOW HITPOINT WARNING * * *
Natasha barely misses you. The shadow imp hits you.
You die...

# ... #.#.#####.# . #.#
......# #. #...
#...####### ... ..#
#.)........ .o...
#.##..)######. .o# ..#
#..[<......# .S.
#.##..#[#.###[# .o#
#.@.##.#...
#.##h5###.#.### #...##
#)#.# #...####.#..
#.#<.....##########
#...%.............###
.[.....#####......##.#..
####...# #......##.).#
#...#####...........#


You could see Natasha and a shadow imp.

Vanquished Creatures
  An orc wizard (D:3)
  Natasha (D:3)
  5 adders
  2 worms
  4 dart slugs
  2 leopard geckos
  5 orcs
  2 ball pythons
  2 giant cockroaches (D:1)
  7 goblins
  5 hobgoblins
  3 jackals (D:1)
  A quokka (D:2)
  8 bats
  3 frilled lizards
  4 kobolds
  7 rats
62 creatures vanquished.

Notes
Turn   | Place    | Note
-------+----------+-------------------------------------------
     0 | D:1      | ReignOfFire the Demonspawn Gladiator began the quest for the Orb.
     0 | D:1      | Reached XP level 1. HP: 16/16 MP: 1/1
   226 | D:1      | Gained mutation: You have sharp fingernails. [demonic ancestry]
   226 | D:1      | Reached XP level 2. HP: 15/22 MP: 2/2
   368 | D:1      | Reached skill level 3 in Long Blades
   861 | D:1      | Reached XP level 3. HP: 27/27 MP: 3/3
  1316 | D:2      | Found an ancient bone altar of Kikubaaqudgha.
  1684 | D:2      | Reached XP level 4. HP: 31/34 MP: 4/4
  1957 | D:3      | Noticed Natasha
  1965 | D:3      | Killed Natasha
  1965 | D:3      | Reached skill level 4 in Long Blades
  2744 | D:3      | Reached skill level 1 in Armour
  2744 | D:3      | Gained mutation: You have very sharp fingernails. [demonic ancestry]
  2744 | D:3      | Reached XP level 5. HP: 28/39 MP: 5/5
  2891 | D:3      | Noticed Natasha
  2896 | D:3      | Slain by a shadow imp

Skill      XL: |  1  2  3  4 |
---------------+-------------+-----
Throwing       | 2 |  2.0
Dodging        | 3 |  3.2
Long Blades    | 3 4 |  4.6
Armour         | 1 |  1.0
Fighting       | |  2.4
Stealth        | |  0.6

Action                   |  1- 3 |  4- 6 || total
-------------------------+-------+-------++-------
Melee: Long sword        |    87 |    87 ||   174
Throw: Throwing net      |       |     2 ||     2
 Stab: Distracted        |       |     1 ||     1
  Eat: Chunk             |     2 |     5 ||     7
Armor: Leather armour    |    37 |    20 ||    57
Dodge: Dodged            |    96 |    80 ||   176
       Rpst.: Long sword |    26 |    21 ||    47
